 Dungeon Crawl Stone Soup version 0.31.0-1-g2c135a0 (webtiles) character file.

Game seed: 17748756629683770664

52 Engrim the Trooper (level 3, -2/29 HPs)
             Began as a Demonspawn Fighter on Mar 18, 2024.
             Slain by Sigmund
             ... wielding a +1 scythe of venom
              (6 damage)
             ... on level 3 of the Dungeon.
             The game lasted 00:05:42 (1458 turns).

Engrim the Trooper (Demonspawn Fighter)             Turns: 1458, Time: 00:05:44

Health: -2/29      AC:  6    Str: 18    XL:     3   Next: 60%
Magic:  3/3        EV:  9    Int: 10    God:
Gold:   98         SH:  4    Dex: 12    Spells: 2/2 levels left

rFire   + . .        a - +0 war axe
rCold   . . .        c - +0 buckler
rNeg    . . .        b - +0 scale mail
rPois   .            (no helmet)
rElec   .            (no cloak)
rCorr   .            (no gloves)
SInv    .            (no boots)
Will    .....        (no amulet) Stlth
                     k - ring of protection from fire
HPRegen 0.24/turn    (no ring)
MPRegen 0.08/turn

%: no passive effects
@: lethally poisoned (-2 -> -5)
A: big brain 1
a: no special abilities


You were on level 3 of the Dungeon.
You visited 1 branch of the dungeon, and saw 3 of its levels.

You collected 98 gold pieces.

Inventory:

Hand Weapons
 a - a +0 war axe (weapon)
Armour
 b - a +0 scale mail (worn)
 c - a +0 buckler (worn)
Jewellery
 k - a ring of protection from fire (left hand)
Scrolls
 d - 2 scrolls of amnesia {unknown}
 f - a scroll of revelation {unknown}
 g - a scroll of enchant armour {unknown}
 h - 2 scrolls of identify {unknown}
 i - a scroll of summoning {unknown}
 l - a scroll of enchant weapon {unknown}
 m - a scroll of fear {unknown}
Potions
 e - 2 potions of brilliance {unknown}
 j - a potion of enlightenment {unknown}


   Skills:
 + Level 3.4 Fighting
 + Level 2.6 Axes
 + Level 3.0 Armour
 + Level 2.9 Shields


You had 2 spell levels left.
You didn't know any spells.
Your spell library was empty.

Dungeon Overview and Level Annotations

Branches:
Dungeon (3/15)

Altars:

Shops:
D:1 (

Annotations:
D:3 Sigmund


Innate Abilities, Weirdness & Mutations

You have an unusually large brain. (Int +2)


Message History

Sigmund moves out of view.
Sigmund is nearby!
Sigmund gestures at you while chanting. The magic dart hits you.
You see here 13 gold pieces.
Sigmund screams, "Don't try to resist!"
Sigmund barely misses you.
You hit Sigmund.
Sigmund is lightly wounded.
Sigmund closely misses you.
You hit Sigmund.
Sigmund is moderately wounded.
Sigmund hits you with a +1 scythe of venom!
You are poisoned.
You completely miss Sigmund.
Sigmund is moderately wounded.
You feel very sick. Sigmund closely misses you.
You hit Sigmund.
Sigmund is moderately wounded.
You feel sick. Sigmund hits you but does no damage.
You are more poisoned.
You closely miss Sigmund.
Sigmund is moderately wounded.
* * * LOW HITPOINT WARNING * * *
You feel very sick.
Sigmund says, "Now you see me, now you don't..."
You block Sigmund's attack.
You closely miss Sigmund.
Sigmund is moderately wounded.
* * * LOW HITPOINT WARNING * * *
You feel very sick. Sigmund closely misses you.
You closely miss Sigmund.
Sigmund is moderately wounded.
* * * LOW HITPOINT WARNING * * *
You feel sick.
Sigmund hits you with a +1 scythe of venom.
You die...
Sigmund begins carving another notch in his scythe.

### #.. .. ...#### #.#
#.###.#....### ### #.#
.... .....<. ..# #.#
#..###....# #.# #.#
#..##?....#
#.###.#####..##.@...###.
................@.......
...............>........
#####.######........####
#.# #.##$..### #.#
#.##[..# #.. ......##
#.. ...##### #### #####


You could see Sigmund.

Vanquished Creatures
  A dart slug (D:1)
  3 ribbon worms (D:2)
  3 bats
  5 endoplasms
  2 giant cockroaches
  3 goblins
  2 hobgoblins (D:1)
  2 jackals (D:1)
  5 kobolds
  A quokka (D:3)
  2 ball pythons
  2 frilled lizards
  8 rats (D:1)
39 creatures vanquished.

Notes
Turn   | Place    | Note
-------+----------+-------------------------------------------
     0 | D:1      | Engrim the Demonspawn Fighter began the quest for the Orb.
     0 | D:1      | Reached XP level 1. HP: 18/18 MP: 1/1
    97 | D:1      | Gained mutation: You have an unusually large brain. (Int
                  | +2) [demonic ancestry]
    97 | D:1      | Reached XP level 2. HP: 7/24 MP: 2/2
   502 | D:1      | Found Zeysish's Antique Weapon Shoppe.
   725 | D:1      | Reached XP level 3. HP: 29/29 MP: 3/3
   934 | D:2      | Found a faded altar of an unknown god.
  1445 | D:3      | Noticed Sigmund
  1458 | D:3      | Slain by Sigmund

Illustrated notes

Levels and vault maps discovered:
D:1:      heliophobic_arrival_battle_scene, layout_loops_ring, serial_shops,
          shop, st_stairs_14
D:2:      layout_rooms, shapermc_ecumenical_altar_starsandcircs,
          chequers_serial_rivers_micro_a
D:3:      layout_loops_ring, uniq_sigmund

Skill      XL: |  1  2 |
---------------+-------+-----
Axes           | 2 |  2.6
Armour         | 3 |  3.0
Fighting       | |  3.4
Shields        | |  2.9

Action                     || total
---------------------------++-------
  Melee: War axe           ||   116
    Use: Potion            ||     1
 Armour: Scale mail        ||    84
  Dodge: Dodged            ||    51
  Block: Buckler           ||    28
